Map: [ESL] Royal Blood

Players

Rail - Winner!

  • Race: Protoss Protoss
  • Spawn Location: 7:00

ShaDoWn

  • Race: Protoss Protoss
  • Spawn Location: 1:00

Event: ESL SC2 Masters 2023 Summer (Finals)

VOD

Have the link to the VOD?

Description

Time

  • Played on: June 16, 2023, 8:15 a.m.
  • Length: 8:08

All games in this series

Show
View Real Time Build Order
Export as new Build Order

Rail Protoss - Winner!

Build Orders:  

Get SALT Encoding   

  12  0:01  Probe  
  13  0:13  Probe  
  14  0:18  Pylon  
  14  0:25  Probe (Chrono Boost)  
  15  0:36  Gateway  
  15  0:37  Probe (Chrono Boost)  
  16  0:44  Probe (Chrono Boost)  
  16  0:46  Assimilator  
  17  0:51  Probe  
  17  0:54  Assimilator  
  18  1:03  Probe (Chrono Boost)  
  19  1:07  Gateway  
  19  1:13  Probe (Chrono Boost)  
  19  1:18  Probe (Chrono Boost)  
  20  1:24  Cybernetics Core  
  21  1:30  Probe  
  22  1:34  Pylon  
  22  1:42  Probe  
  23  1:54  Probe  
  24  1:58  Warp Gate (Chrono Boost)  
  24  2:00  Stalker  
  24  2:01  Stalker  
  28  2:10  Pylon  
  28  2:30  Stalker  
  28  2:31  Stalker  
  32  2:37  Pylon  
  32  2:56  Gateway x2  
  32  2:58  Shield Battery  
  34  3:06  Stalker (Chrono Boost)  
  34  3:12  Stalker (Chrono Boost)  
  36  3:32  Nexus  
  36  3:39  Pylon  
  36  3:48  Stalker  
  36  3:53  Stalker  
  40  3:58  Stalker x2  
  40  4:01  Pylon  
  44  4:12  Twilight Council  
  44  4:16  Stalker  
  45  4:28  Stalker, Sentry  
  49  4:49  Blink (Chrono Boost)  
  47  4:56  Adept, Stalker  
  47  4:57  Adept  
  53  5:01  Stalker  
  55  5:07  Pylon  
  55  5:27  Stalker x2  
  59  5:30  Stalker  
  61  5:40  Stalker  
  63  5:48  Pylon  
  63  6:06  Stalker x2  
  67  6:11  Stalker  
  65  6:22  Stalker  
  66  6:34  Stalker x2  
  68  6:59  Stalker x2  
  46  7:10  Stalker x2  
  50  7:25  Stalker  
  50  7:29  Stalker  
  42  8:08  Forge  
Show
View Real Time Build Order
Export as new Build Order

ShaDoWn Protoss 

Build Orders: Blink Stalkers 

Get SALT Encoding   

  12  0:00  Probe  
  13  0:12  Probe  
  14  0:17  Pylon  
  14  0:24  Probe  
  15  0:35  Gateway  
  15  0:37  Probe (Chrono Boost)  
  16  0:46  Probe (Chrono Boost), Assimilator  
  17  0:51  Probe (Chrono Boost)  
  18  1:03  Probe (Chrono Boost)  
  19  1:04  Assimilator  
  19  1:12  Probe (Chrono Boost), Gateway  
  19  1:17  Probe (Chrono Boost)  
  20  1:23  Cybernetics Core  
  21  1:29  Probe  
  22  1:34  Pylon  
  22  1:41  Probe  
  23  1:54  Probe  
  24  1:59  Adept, Stalker  
  24  2:00  Warp Gate  
  28  2:06  Probe  
  29  2:13  Pylon  
  29  2:22  Twilight Council  
  29  2:29  Stalker  
  31  2:34  Stalker  
  33  2:56  Blink (Chrono Boost)  
  32  3:05  Pylon  
  32  3:09  Stalker  
  32  3:11  Probe  
  35  3:19  Gateway  
  35  3:27  Probe  
  35  3:32  Robotics Facility  
  36  3:39  Probe  
  37  3:49  Stalker x2  
  37  3:52  Probe  
  37  3:53  Pylon  
  40  4:07  Pylon  
  40  4:12  Stalker x2  
  40  4:15  Stalker  
  46  4:30  Pylon  
  46  4:37  Stalker x2  
  50  4:53  Stalker  
  52  5:02  Observer  
  53  5:11  Nexus  
  53  5:16  Probe  
  53  5:19  Stalker  
  56  5:21  Observer  
  56  5:23  Stalker  
  56  5:24  Observer  
  56  5:26  Stalker  
  58  5:41  Probe  
  59  5:42  Nexus  
  59  5:48  Pylon  
  59  5:56  Probe  
  60  6:02  Stalker  
  62  6:06  Observer  
  62  6:09  Stalker  
  62  6:10  Stalker  
  67  6:16  Probe  
  68  6:25  Pylon  
  68  6:28  Probe  
  68  6:29  Stalker  
  66  6:50  Observer  
  64  6:54  Probe  
  46  7:18  Pylon  
  46  7:26  Zealot  
  48  7:30  Pylon  
  48  7:40  Cybernetics Core  
  39  7:58  Zealot  
Tags
 
Add a new tag
Caveats
  • Supply blocks, unpowered buildings, or Contaminate may cause inaccurate times.
  • Supply counts are checked every 10 seconds.